 Dungeon Crawl Stone Soup version 0.32-a0-720-g1d96ad090f (webtiles) character file.

Game seed: 17172557567047887633

1903139 Ajdolov the Skinwalker (level 26, 63/158 HPs)
             Began as a Felid Shapeshifter on Mar 16, 2024.
             Was the Champion of Ashenzari.
             Escaped with the Orb
             ... and 3 runes
             ... and 1 gem!
             The game lasted 03:44:26 (59347 turns).

Ajdolov the Skinwalker (Felid Shapeshifter)        Turns: 59347, Time: 03:44:27

Health: 63/158     AC: 23    Str: 12    XL:     26   Next: 33%
Magic:  38/38      EV: 74    Int: 13    God:    Ashenzari [******]
Gold:   2733       SH:  5    Dex: 28    Spells: 25/45 levels left
                                        Lives:  2   Deaths: 3

rFire   . .          .
                       - Unarmed
rCold   + + .        (shield unavailable)
rNeg    . . .        (body armour unavailable)
rPois   ∞            (helmet unavailable)
rElec   +            (cloak unavailable)
rCorr   .            (gloves unavailable)
SInv    +            (boots unavailable)
Will    +++..        V - amulet "Manifest Foul Odours" {Reflect SH+5, Self, Melee} (curse)
Stlth   +++          p - ring of the Fated Anxiety {AC+4, Cun, Dev} (curse)
HPRegen 0.46/turn    s - ring of the Astral Suspicion {Fly rC++ AC+4 Int-3 Slay+2, Melee, Dev} (curse)
MPRegen 0.26/turn

%: reflection, clarity
@: mighty, storm-form, flying, hasted (expiring), studying Stealth, very quick
A: cleaving, insubstantial, flying, very small, (claws 1), (fangs 3), see
invisible, (shaggy fur 3), (stealthy paws), no weapons or thrown items, no
armour, multi-lived, mutation resistance 1
0: Orb of Zot
}: 3/15 runes: serpentine, barnacled, slimy
a: Blinkbolt, Begin Untransformation, Renounce Religion, Shatter the Chains


You escaped.
You worshipped Ashenzari.
Ashenzari was exalted by your worship.
You were a lightning-filled tempest!
You visited 11 branches of the dungeon, and saw 52 of its levels.
You visited the Abyss 1 time.
You also visited: Trove, Ossuary, Ice Cave, Volcano and Wizlab.

You collected 7676 gold pieces.
You spent 4943 gold pieces at shops.

Inventory:

Jewellery
 p - the cursed ring of the Fated Anxiety (left paw) {AC+4, Cun, Dev}
   (You found it on level 4 of the Dungeon)

   [ring of protection]

   AC+4:      It affects your AC (+4).
   It has a curse which improves the following skills: Cunning: Dodging and
   Stealth.
   Devices:   Evocations and Shapeshifting.
 s - the cursed ring of the Astral Suspicion (right paw) {Fly rC++ AC+4 Int-3 Slay+2, Melee, Dev}
   (You took it off a merfolk siren on level 4 of the Shoals)

   [ring of protection]

   AC+4:      It affects your AC (+4).
   Int-3:     It affects your intelligence (-3).
   Slay+2:    It affects your accuracy & damage with ranged weapons and melee
   (+2).
   rC++:      It greatly protects you from cold.
   Fly:       It grants you flight.
   It has a curse which improves the following skills: Melee Combat: Unarmed
   Combat.
   Devices:   Evocations and Shapeshifting.
 x - a ring of resist corrosion
 V - the cursed amulet "Manifest Foul Odours" (around neck) {Reflect SH+5, Self, Melee}
   (You found it on level 11 of the Dungeon)

   [amulet of reflection]

   Reflect:   It reflects blocked missile attacks.
   SH+5:      It affects your SH (+5).
   It has a curse which improves the following skills: Introspection: Fighting
   and Spellcasting.
   Melee Combat: Unarmed Combat.
 Y - the ring of Secrets {^Drain Fly rPois rF+}
   (You took it off a deep elf master archer on level 3 of the Elven Halls)

   [ring of flight]

   rF+:       It protects you from fire.
   rPois:     It protects you from poison.
   Fly:       It grants you flight.
   ^Drain:    It drains your maximum health when unequipped.
Talismans
 K - the storm talisman of the Equator (active) {Dex+4 Slay+4}
   (You found it on level 2 of the Depths)

   [storm talisman]

   Dex+4:     It affects your dexterity (+4).
   Slay+4:    It affects your accuracy & damage with ranged weapons and melee
   (+4).
 S - a talisman of death
Wands
 n - a wand of warping (50)
 y - a wand of charming (35)
 z - a wand of digging (9)
 A - a wand of flame (89)
 I - a wand of polymorph (31)
 M - a wand of mindburst (1)
 Q - a wand of light (28)
Scrolls
 a - 7 scrolls of immolation
 i - 27 scrolls of teleportation
 j - 8 scrolls of poison
 m - 11 scrolls of noise
 q - 9 scrolls of vulnerability
 r - a scroll of revelation
 u - 7 scrolls of amnesia
 v - 4 scrolls of blinking
 D - 3 scrolls of fog
 E - 7 scrolls of fear
 N - 3 scrolls of summoning
 R - 5 scrolls of torment
 Z - 4 scrolls of silence
Potions
 d - 9 potions of attraction
 e - 8 potions of mutation
 f - 3 potions of invisibility
 h - 9 potions of heal wounds
 k - 18 potions of brilliance
 l - 4 potions of resistance
 o - 12 potions of might
 t - 2 potions of berserk rage
 w - 8 potions of lignification
 B - 2 potions of cancellation
 F - 9 potions of ambrosia
 G - 20 potions of curing
 L - 5 potions of haste
 O - 3 potions of magic
 W - 4 potions of enlightenment
Miscellaneous
 b - a tin of tremorstones (2/2)
 c - a lightning rod (4/4)
 g - a sack of spiders
 H - a phial of floods
 U - a phantom mirror


   Skills:
 - Level 20.8(22.9) Fighting
 - Level 21.7(23.8) Dodging
 - Level 22.1(24.2) Stealth
 * Level 19.3(22.6) Unarmed Combat
 - Level 7.4(10.0) Spellcasting
 - Level 20.0 Hexes
 - Level 3.4 Translocations
 - Level 17.4(20.8) Evocations
 - Level 23.8(27) Shapeshifting


You had 25 spell levels left.
You knew the following spells:

 Your Spells              Type           Power      Damage    Failure   Level
a - Enfeeble              Hex            27%        N/A       2%          7
b - Tukima's Dance        Hex            55%        N/A       0%          3
c - Blink                 Tloc           30%        N/A       4%          2
d - Discord               Hex            27%        N/A       21%         8

Your spell library contained the following spells:

 Spells                   Type           Power      Damage    Failure   Level
 Jinxbite                 Hex            100%       N/A       0%          2
 Sigil of Binding         Hex            55%        N/A       0%          3
 Dazzling Flash           Conj/Hex       64%        N/A       1%          3
 Anguish                  Hex/Necr       16%        N/A       1%          4
 Cause Fear               Hex            27%        N/A       1%          4
 Apportation              Tloc           30%        N/A       2%          1
 Summon Mana Viper        Hex/Summ       32%        N/A       4%          5
 Yara's Violent Unravell  Hex/Alch       16%        3d8       4%          5
 Momentum Strike          Conj/Tloc      20%        3d8       9%          2
 Gell's Gravitas          Tloc           15%        N/A       9%          3
 Teleport Other           Tloc           15%        N/A       9%          3
 Foxfire                  Conj/Fire      24%        2x1d5     11%         1
 Magic Dart               Conj           24%        1d4       11%         1
 Sandblast                Erth           12%        2d6       11%         1
 Sting                    Conj/Alch      24%        1d4       11%         1
 Summon Small Mammal      Summ           24%        N/A       11%         1
 Call Imp                 Summ           12%        N/A       17%         2
 Cigotuvi's Dreadful Rot  Necr/Alch/Air  12%        N/A       17%         2
 Mercury Vapours          Alch/Air       12%        N/A       17%         2
 Searing Ray              Conj           12%        2d4       17%         2
 Volatile Blastmotes      Fire/Tloc      20%        2d11      17%         3
 Manifold Assault         Tloc           15%        N/A       26%         4
 Passage of Golubria      Tloc           15%        N/A       26%         4
 Call Canine Familiar     Summ           6%         N/A       32%         3
 Fugue of the Fallen      Necr           6%         N/A       32%         3
 Hailstorm                Conj/Ice       6%         3d5       32%         3
 Mephitic Cloud           Conj/Alch/Air  6%         N/A       32%         3
 Ozocubu's Armour         Ice            6%         N/A       32%         3
 Summon Ice Beast         Ice/Summ       6%         N/A       32%         3
 Vampiric Draining        Necr           6%         2d6       32%         3
 Iskenderun's Mystic Bla  Conj/Tloc      10%        2d4       50%         4
 Animate Dead             Necr           6%         N/A       73%         4
 Brom's Barrelling Bould  Conj/Erth      6%         2d3       73%         4
 Dispel Undead            Necr           6%         3d8       73%         4
 Fulminant Prism          Conj/Alch      3%         3d5       73%         4
 Ignite Poison            Fire/Alch      6%         N/A       73%         4
 Leda's Liquefaction      Alch/Erth      3%         N/A       73%         4
 Martyr's Knell           Necr/Summ      6%         N/A       73%         4
 Olgreb's Toxic Radiance  Alch           6%         N/A       73%         4
 Petrify                  Alch/Erth      6%         N/A       73%         4
 Summon Blazeheart Golem  Fire/Summ      6%         N/A       73%         4
 Summon Lightning Spire   Summ/Air       6%         N/A       73%         4
 Summon Forest            Summ/Tloc      5%         N/A       83%         5
 Alistair's Intoxication  Alch           4%         N/A       97%         5
 Borgnjor's Vile Clutch   Necr/Erth      3%         N/A       97%         5
 Fireball                 Conj/Fire      3%         3d4       97%         5
 Freezing Cloud           Conj/Ice/Air   3%         6-21      97%         5
 Irradiate                Conj/Alch      3%         3d12      97%         5
 Iskenderun's Battlesphe  Conj           6%         2d6       97%         5
 Lee's Rapid Deconstruct  Erth           3%         3d5*      97%         5
 Bombard                  Conj/Erth      3%         9d1       100%        6
 Conjure Ball Lightning   Conj/Air       3%         3x3d6     100%        6
 Eringya's Noxious Bog    Alch           3%         4d6       100%        6
 Permafrost Eruption      Ice/Erth       3%         2x4d2     100%        6
 Plasma Beam              Fire/Air       3%         2x1d13    100%        6
 Sculpt Simulacrum        Ice/Alch       3%         N/A       100%        6
 Starburst                Conj/Fire      3%         6d3       100%        6
 Haunt                    Necr/Summ      3%         N/A       100%        7
 Monstrous Menagerie      Summ           3%         N/A       100%        7
 Orb of Destruction       Conj           3%         9d5       100%        7
 Ozocubu's Refrigeration  Ice            3%         4d8       100%        7
 Spellforged Servitor     Conj/Summ      3%         N/A       100%        7
 Summon Hydra             Summ           3%         N/A       100%        7
 Borgnjor's Revivificati  Necr           3%         N/A       100%        8
 Disjunction              Tloc           7%         N/A       100%        8
 Infestation              Necr           3%         N/A       100%        8
 Lehudib's Crystal Spear  Conj/Erth      3%         10d2      100%        8
 Maxwell's Capacitive Co  Air            3%         ∞         100%        8
 Death's Door             Necr           3%         N/A       100%        9
 Dragon's Call            Summ           3%         N/A       100%        9
 Polar Vortex             Ice            3%         N/A       100%        9
 Dimensional Bullseye     Hex/Tloc       Unusable   N/A       N/A         4
 Animate Armour           Summ/Erth      Unusable   N/A       N/A         4

Dungeon Overview and Level Annotations

Branches:
Dungeon (15/15)            Temple (1/1) D:5            Lair (5/5) D:10
 Shoals (4/4) Lair:3        Snake (4/4) Lair:2        Slime (5/5) Lair:4
    Orc (2/2) D:12            Elf (3/3) Orc:2        Vaults (4/5) D:13
  Crypt (0/3) Vaults:2     Depths (4/4) D:15            Zot (5/5) Depths:4
Ossuary (visited)           IceCv (visited)         Volcano (visited)
 WizLab (visited)

Altars:
Ashenzari
Cheibriados
Dithmenos
Fedhas
Gozag
Hepliaklqana
Kikubaaqudgha
Makhleb
Nemelex Xobeh
Okawaru
Qazlal
Ru
Sif Muna
Trog
Uskayaw
Vehumet
Wu Jian
Xom
Yredelemnul
Zin
The Shining One
Jiyva
Lugonu

Shops:
D:7 ***   D:8 [   D:11 ?   Orc:2 :!?   Elf:3 [?*[   Shoals:1 (*[   Shoals:4 *[
Snake:4 [   Vaults:1 (:(([   Vaults:2 (   Vaults:3 (([[=   Depths:1 !
Depths:4 !

Portals:
Hell: Depths:1 Depths:2 Depths:3 Depths:4
Abyss: Depths:1 Depths:2 Depths:3
Pandemonium: Orc:2 Depths:2 Depths:3 Depths:4
Ziggurat: Depths:3

Annotations:
D:4 Dowan, Duvessa
D:5 Edmund
D:6 exclusions: electric eel and 2 more exclusions
D:11 1 runed translucent door, tish's ghost, novice DECj
Lair:3 3 runed translucent doors, paps's ghost, journeyman TrBe
Lair:5 3 runed translucent doors, Vixoseic's ghost, journeyman TrSh
Shoals:3 3 runed translucent doors, Rouddeu's ghost, journeyman VSMo
Elf:1 1 runed translucent door
Elf:2 3 runed translucent doors
Vaults:4 3 runed translucent doors, Piataj's ghost, veteran HOFi
Depths:2 Vv
Depths:3 exclusions: dread lich and 3 more exclusions


Innate Abilities, Weirdness & Mutations

You are a lightning-filled tempest!
Your electrical attacks strike out in all directions at once.
You are incredibly evasive.
Your insubstantial body is immune to petrification, constriction, and being set on fire You are flying.
You are immune to poison.
((You have sharp claws.))
((You have razor-sharp teeth.))
You have supernaturally acute eyesight. (SInv)
((Your thick and shaggy fur keeps you warm. (AC +3, rC+)))
((Your paws help you pounce on unaware monsters.))
You are incapable of wielding weapons or throwing items.
You cannot wear armour.
You gain extra lives every three experience levels.
You are somewhat resistant to further mutation.


Message History

Mashrak completely misses you.
You see here a hell hog corpse.
You blast Mashrak!!!
You punch Mashrak!
Mashrak is heavily wounded.
You blast Mashrak!!!
You punch Mashrak!
Mashrak is almost dead.
Mashrak completely misses you.
You batter Mashrak!!
Mashrak is almost dead.
Mashrak completely misses you.
You hit Mashrak. You punch Mashrak.
You kill Mashrak!
Unknown command.
You are too injured to fight recklessly!
You buffet the small abomination!
Lightning courses through the small abomination!
You destroy the small abomination!
You blast the hell hog!!!!
Lightning courses through the hell hog!
You kill the hell hog!
The hell hog breathes fire at you.
The fireball explodes!
The fireball engulfs you!!
* * * LOW HITPOINT WARNING * * *
You feel much better.
You closely miss the hell beast.
You blast the hell hog!!!!
Lightning courses through the hell hog!
You kill the hell hog!
The hell beast completely misses you. You block the hell beast's attack.
You see here a hell hog corpse.
The hell beast completely misses you. x2
You blast the hell beast!!!
Your punch misses the hell beast.
The hell beast is severely wounded.
The hell beast bites you but does no damage.
The hell beast misses you.
You blast the hell beast!!!!
You kill the hell beast!
There is a staircase leading out of the dungeon here.
You start resting.
A Byohott and a smoke demon come into view.
Your extra speed is starting to run out.
You have escaped!

.# #.....#..###.# #.##.##.# .#
#.....#..# #.# ###.##.##.# .#
##.#.#....###.###...##.##.#
.###..........##..##...##.##.#
...........#.†##..##...##.##.#
.###.......###†.##..##.##.##.#
.# ####.##.###..##..##.......#
.# #.##.#..##..##...##.####
.#### #.##..{)##v)##...##.#
....# #.##.###..##..##.##.#
.##.# #.##.###)&##..##.##.#
.##.# #.##.#.3##..##...##.#
.##.# #.......##.{##...##.#
.##.###.####..#..##.##.##.#
.#...........##.###.##.##.#
.#..###.###..##.# #.##)##.#
.#..# #.# #..##.###.##.##.#


You could see Byohott and a smoke demon (wandering).

Vanquished Creatures
  the Royal Jelly (Slime:5)
  3 dread liches (Zot:5)
  3 orbs of fire (Zot:5)
  6 pandemonium lords
  Saint Roka (Elf:2)
  5 Killer Klowns
  A curse toe (Zot:2)
  7 golden dragons
  Nikola (Depths:1)
  Norris (Depths:2)
  the Enchantress (Depths:3)
  2 electric golems (Zot:5)
  2 hellephants (Depths:3)
  A Hell Sentinel (Depths:4)
  8 tentacled monstrosities
  24 Orb Guardians
  Asterion (Depths:2)
  2 liches
  The ghost of Ennajel the Warrior, an adept DsMo of Qazlal (Elf:2)
  A walking crystal tome (Depths:4)
  7 quicksilver dragons
  A titan (Depths:1)
  5 deep elf blademasters
  20 acid blobs
  4 deep elf master archers
  2 krakens
  7 death cobs
  Agnes (Elf:2)
  A tengu reaver (Depths:2)
  6 storm dragons
  5 shadow dragons
  6 draconian monks
  8 rockslimes
  Aizul (Shoals:1)
  3 nagarajas (Snake:4)
  7 azure jellies
  A daeva (Depths:4)
  7 fire giants
  6 deep elf sorcerers
  A draconian knight (Zot:5)
  A draconian shifter (Zot:5)
  4 frost giants
  11 vault wardens
  3 deep elf elementalists (Elf:3)
  An angel (Zot:2)
  3 balrugs
  3 orc warlords
  A ghost moth (Zot:3)
  Louise (Shoals:1)
  A curse skull (Vaults:2)
  3 spriggan defenders (Depths:3)
  A cacodemon (WizLab)
  4 draconian stormcallers
  15 ironbound preservers
  8 quicksilver oozes (Slime:5)
  5 draconian annihilators
  A demonspawn blood saint (D:1)
  44 very ugly things
  5 stone giants
  11 ironbound thunderhulks
  5 formless jellyfish
  7 green draconians
  3 deep elf demonologists (Elf:3)
  5 vampire knights
  8 black draconians
  3 deep elf death magi
  4 spark wasps
  13 deep elf annihilators
  8 white draconians
  2 yellow draconians
  19 dire elephants
  11 purple draconians
  A lorocyproca (Depths:3)
  5 red draconians
  5 ettins
  5 merfolk javelineers
  6 fire dragons
  9 merfolk impalers
  9 jiangshi
  6 yaktaur captains
  A crystal guardian (Vaults:3)
  3 blizzard demons
  2 vault guards
  9 ice dragons
  3 great orbs of eyes
  5 salamander tyrants (Snake:4)
  3 rakshasas
  3 deep elf high priests (Elf:3)
  Harold (Lair:1)
  4 hydras
  2 catoblepae (D:14)
  2 entropy weavers (Vaults:2)
  2 peacekeepers
  5 spriggan air magi
  4 hell beasts
  3 merfolk avatars
  A sphinx zombie (Vaults:4)
  An ogre mage (D:13)
  9 ironbound frosthearts
  2 demonspawn (Orc:2)
  6 anacondas
  12 centaur warriors
  26 dancing weapons
  9 boulder beetles
  2 satyrs (Shoals:4)
  7 two-headed ogres
  2 deep troll shamans
  7 merfolk aquamancers
  6 vampire magi (Depths:3)
  A demonic crawler (Zot:2)
  28 naga warriors
  3 hell hogs (D:1)
  4 spriggan berserkers
  23 tengu warriors
  5 shock serpents
  3 deep troll earth magi
  3 occultists
  7 orc high priests (Orc:2)
  8 hell knights
  Nergalle (Lair:1)
  15 naga sharpshooters
  16 deep elf knights
  A titan skeleton (Vaults:4)
  12 sun demons
  6 salamander mystics
  6 skysharks
  4 soul eaters
  An iron troll (Depths:3)
  12 sea snakes
  Amaemon (Lair:2)
  A sixfirhy (Orc:2)
  5 skeletal warriors
  5 spectral anacondas (Snake:1)
  10 deep elf archers
  48 deep trolls
  2 shadow demons
  2 death drakes (Depths:4)
  8 mana vipers
  8 glowing orange brains
  5 flayed ghosts
  A sun moth (Shoals:2)
  7 phantasmal warriors
  5 naga ritualists
  6 orc knights
  4 arcanists
  7 lindwurms
  8 ironbound convokers
  2 bog bodies (IceCv)
  30 deep elf pyromancers
  2 thermic dynamos (Elf:2)
  Pikel (D:9)
  8 harpies (Shoals:4)
  An orange crystal statue (Zot:5)
  4 starcursed masses (Abyss:2)
  10 cyclopes
  8 orc sorcerers
  4 necromancers
  24 ugly things
  40 deep elf zephyrmancers
  An orb spider (shapeshifter) (Depths:2)
  A faun (shapeshifter) (Depths:2)
  6 shining eyes
  Maurice (D:7)
  14 moths of wrath
  24 salamanders
  6 fauns (Shoals:1)
  10 manticores
  A manticore (shapeshifter) (Depths:2)
  A stone giant zombie (Vaults:4)
  An ice statue (IceCv)
  8 merfolk sirens
  31 black mambas
  16 elephants
  8 guardian serpents
  2 smoke demons
  19 naga magi
  An elephant (shapeshifter) (Depths:2)
  2 molten gargoyles (Volcano)
  2 eyes of devastation
  13 water nymphs
  16 vault sentinels
  2 orange demons
  A spectral sea snake (Snake:1)
  7 cane toads
  2 unseen horrors
  A yaktaur zombie (Vaults:4)
  5 efreet
  Maggie (D:9)
  23 yaktaurs
  4 rime drakes
  A large abomination (Abyss:2)
  4 kobold demonologists
  4 freezing wraiths
  A hellion (Depths:2)
  2 anaconda simulacra (Snake:1)
  2 ice devils
  3 tengu conjurers
  9 komodo dragons
  A yaktaur skeleton (Vaults:3)
  A queen bee (shapeshifter) (D:14)
  5 red devils
  5 spectral nagas
  A wolf spider simulacrum (D:14)
  4 polar bears
  A tormentor (D:1)
  A hellwing (WizLab)
  A queen bee (D:9)
  10 blink frogs
  24 merfolk
  6 trolls
  4 wind drakes
  7 hornets
  87 slime creatures
  11 snapping turtles
  A glass eye (Depths:3)
  12 dream sheep
  A guardian serpent skeleton (Snake:1)
  2 air elementals
  8 spriggans
  A small abomination (D:1)
  4 wraiths
  2 ynoxinuls
  A centaur simulacrum (D:14)
  11 water elementals
  2 shadows (D:10)
  Sigmund (D:6)
  18 yaks
  A vampire (D:8)
  A wyvern (Lair:3)
  4 fire bats
  3 fire elementals
  4 wargs
  2 sea snake simulacra (Snake:1)
  6 golden eyes
  8 basilisks
  3 steam dragons
  24 vampire mosquitoes
  2 death yak simulacra (IceCv)
  A neqoxec (Orc:2)
  A human simulacrum (Vaults:3)
  Menkaure (D:6)
  A redback (Vaults:2)
  A redback simulacrum (D:14)
  2 harpy simulacra (IceCv)
  47 nagas
  15 water moccasins
  4 naga skeletons (Snake:1)
  26 orc warriors
  A hell hound (Volcano)
  2 black bears (Lair:4)
  A guardian serpent simulacrum (Snake:1)
  2 ice beasts
  A sky beast (shapeshifter) (D:15)
  5 ogres
  5 boggarts
  A human skeleton (Vaults:3)
  11 wolves
  3 centaurs
  5 phantoms
  A lemure (D:9)
  15 bullfrogs
  4 kobold brigands
  2 gnoll sergeants
  3 two-headed ogre simulacra (IceCv)
  4 earth elementals
  2 scorpions
  2 cane toad simulacra (IceCv)
  19 wights
  2 burial acolytes (Ossuary)
  3 elephant simulacra (IceCv)
  31 killer bees (D:9)
  5 electric eels
  6 howler monkeys
  A lava snake (Volcano)
  3 hounds
  A bombardier beetle (D:4)
  6 jellies
  20 orc priests
  2 gnoll boudas
  3 iguanas
  Jessica (D:2)
  12 orc wizards
  2 wolf simulacra (IceCv)
  2 polar bear simulacra (IceCv)
  6 spriggan simulacra (IceCv)
  4 troll simulacra (IceCv)
  Robin (D:4)
  19 gnolls
  17 adders
  10 naga simulacra
  A shadow imp (D:5)
  11 white imps
  15 ufetubi
  2 ribbon worms
  A dart slug (D:3)
  65 orcs
  9 endoplasms
  2 giant cockroaches
  10 goblins
  8 hobgoblins
  6 jackals
  4 quokkas
  7 ball pythons
  3 ball python skeletons (Ossuary)
  6 bats
  3 frilled lizards
  2 hobgoblin skeletons (Ossuary)
  11 kobolds
  2 kobold skeletons (Ossuary)
  2 orc skeletons (Ossuary)
  7 rats
  6 tentacles (Shoals:4)
2074 creatures vanquished.

Vanquished Creatures (collateral kills)
  A manticore (Shoals:4)
  A merfolk siren (Shoals:4)
  A black mamba (Snake:2)
  A tengu conjurer (Depths:2)
  A merfolk (Shoals:4)
  A gnoll sergeant (D:13)
  5 gnolls (D:13)
11 creatures vanquished.

Vanquished Creatures (others)
  A lich (Zot:2)
  A deep elf master archer (Elf:3)
  A very ugly thing (Depths:4)
  A merfolk javelineer (Shoals:4)
  A tengu warrior (Depths:1)
  A deep elf zephyrmancer (Elf:2)
  A merfolk (Shoals:4)
  An orc warrior (D:9)
  3 ball lightnings (Zot:2)
  6 tentacles (Shoals:4)
17 creatures vanquished.

Grand Total: 2102 creatures vanquished

Notes
Turn   | Place    | Note
-------+----------+-------------------------------------------
     0 | D:1      | Ajdolov the Felid Shapeshifter began the quest for the Orb.
     0 | D:1      | Reached XP level 1. HP: 10/10 MP: 2/2
   337 | D:1      | Reached skill level 3 in Shapeshifting
   349 | D:1      | Reached XP level 2. HP: 14/14 MP: 3/3
   622 | D:2      | Reached XP level 3. HP: 17/18 MP: 4/4
   687 | D:2      | Noticed Jessica
   697 | D:2      | Killed Jessica
   701 | D:2      | Found a shimmering blue altar of Sif Muna.
   836 | D:2      | Reached XP level 4. HP: 20/22 MP: 5/5
   836 | D:2      | Gained a life (2 lives remaining)
  1134 | D:2      | Reached skill level 4 in Shapeshifting
  1834 | D:3      | Reached XP level 5. HP: 25/25 MP: 6/6
  1865 | D:3      | Identified the +12 sling "Enuampo" {heavy, rCorr Str+3
                  | Dex+4}
  2074 | D:3      | Found a faded altar of an unknown god.
  2104 | D:3      | Got Plato's Parchment of Orogeny
  2724 | D:4      | Noticed Robin
  2782 | D:4      | Noticed Duvessa
  2942 | D:3      | Slain by a hobgoblin
  2942 | D:3      | Lost a life (1 life remaining)
  3185 | D:4      | Gained mutation: You are covered in thick fur. (AC +2)
                  | [Felid growth]
  3185 | D:4      | Reached XP level 6. HP: 30/30 MP: 7/7
  3197 | D:4      | Found a bloodstained altar of Trog.
  3211 | D:4      | Killed Robin
  3303 | D:4      | Reached skill level 5 in Shapeshifting
  3427 | D:4      | Found a hide-covered altar of Uskayaw.
  3630 | D:4      | Noticed Dowan
  3669 | D:5      | Entered Level 5 of the Dungeon
  3689 | D:5      | Found a staircase to the Ecumenical Temple.
  3695 | Temple   | Entered the Ecumenical Temple
  3704 | Temple   | Became a worshipper of Ashenzari the Shackled
  3800 | D:5      | Found a stormy altar of Qazlal.
  3884 | D:5      | Reached skill level 6 in Shapeshifting
  3923 | D:5      | Noticed Edmund
  3975 | D:5      | Reached XP level 7. HP: 27/33 MP: 8/8
  3975 | D:5      | Gained a life (2 lives remaining)
  4376 | D:5      | Found a hazy altar of Hepliaklqana.
  4544 | D:5      | Found an ancient bone altar of Kikubaaqudgha.
  4670 | D:6      | Noticed Sigmund
  4703 | D:6      | Found a sand-covered staircase.
  4741 | D:3      | Identified a scroll of acquirement
  4785 | Ossuary  | Entered an ossuary
  4875 | Ossuary  | Reached skill level 7 in Shapeshifting
  5051 | Ossuary  | Reached XP level 8. HP: 22/37 MP: 9/9
  5380 | D:6      | Reached skill level 8 in Shapeshifting
  5380 | D:6      | Noticed Menkaure
  5599 | D:6      | Killed Sigmund
  5801 | D:6      | Reached skill level 9 in Shapeshifting
  5830 | D:6      | Killed Menkaure
  5995 | D:6      | Found a sacrificial altar of Ru.
  6594 | D:6      | Reached XP level 9. HP: 40/41 MP: 10/10
  6627 | D:7      | Reached skill level 10 in Shapeshifting
  6627 | D:7      | Reached * piety under Ashenzari
  6627 | D:7      | Reached ** piety under Ashenzari
  6763 | D:7      | Noticed Maurice
  6883 | D:7      | Found Ynki's Assorted Antiques.
  6973 | D:7      | Found a basalt altar of Yredelemnul.
  7031 | D:7      | Found Deiq's Assorted Antiques.
  7038 | D:7      | Bought 2 scrolls of blinking for 300 gold pieces
  7038 | D:7      | Bought a sharpened bone wand for 80 gold pieces
  7057 | D:7      | Killed Maurice
  7058 | D:7      | Reached skill level 11 in Shapeshifting
  7185 | D:7      | Found Lumm's General Store.
  7384 | D:8      | Found Ziddaxos's Antique Armour Shoppe.
  7684 | D:8      | Reached *** piety under Ashenzari
  7684 | D:8      | Reached **** piety under Ashenzari
  7711 | D:9      | Found a shimmering altar of Xom.
  7750 | D:8      | Acquired a manual of Fighting
  7998 | D:8      | Reached XP level 10. HP: 51/51 MP: 11/11
  8022 | D:8      | Slain by a gnoll sergeant
  8022 | D:8      | Lost a life (1 life remaining)
  8052 | D:8      | Reached skill level 5 in Fighting
  8636 | D:9      | Noticed Maggie
  8650 | D:9      | Killed Maggie
  8815 | D:9      | Noticed Pikel
  8830 | D:9      | Killed Pikel
  8831 | D:9      | Reached skill level 12 in Shapeshifting
  8987 | D:9      | Reached skill level 1 in Evocations
  9007 | D:9      | Reached skill level 5 in Dodging
  9946 | D:9      | Reached XP level 11. HP: 60/60 MP: 12/12
  9946 | D:9      | Gained a life (2 lives remaining)
 10317 | D:10     | Entered Level 10 of the Dungeon
 10331 | D:9      | Reached skill level 5 in Evocations
 10347 | D:10     | Noticed a two-headed ogre
 10439 | D:10     | Noticed a two-headed ogre
 10439 | D:10     | Found the +8 mithril axe "Arga" {speed, Will+}
 10665 | D:10     | Killed a two-headed ogre
 10827 | D:10     | Found an iron altar of Okawaru.
 10863 | D:10     | Killed a two-headed ogre
 11091 | D:10     | Reached ***** piety under Ashenzari
 11091 | D:10     | Reached ****** piety under Ashenzari
 11105 | D:10     | Found a staircase to the Lair.
 11184 | D:10     | Noticed a purple ugly thing
 11198 | D:10     | Killed a brown ugly thing
 11479 | D:11     | Noticed a two-headed ogre
 11586 | D:11     | Noticed a centaur warrior
 11636 | D:11     | Found a runed translucent door.
 11639 | D:11     | Noticed tish's ghost (novice DECj)
 11639 | D:11     | Identified the +3 shortbow "Mumic" {heavy, Fly Str-4 Int+5
                  | Dex-3}
 11684 | D:11     | Reached skill level 10 in Dodging
 11757 | D:11     | Found Fomar's Magic Scroll Shoppe.
 11763 | D:11     | Bought a scroll of blinking for 97 gold pieces
 11799 | D:11     | Found a portal to a secret trove of treasure.
 11967 | D:11     | Killed a centaur warrior
 12033 | D:11     | Noticed a two-headed ogre
 12044 | D:11     | Killed a two-headed ogre
 12127 | D:11     | Noticed a green ugly thing
 12132 | D:11     | Killed a green ugly thing
 12328 | D:11     | Killed a two-headed ogre
 12329 | D:11     | Reached skill level 10 in Fighting
 12441 | D:12     | Noticed a boulder beetle
 12449 | D:12     | Noticed a boulder beetle
 12454 | D:12     | Killed a boulder beetle
 12455 | D:12     | Gained mutation: Your thick and shaggy fur keeps you warm.
                  | (AC +3, rC+) [Felid growth]
 12455 | D:12     | Reached XP level 12. HP: 70/71 MP: 13/13
 12464 | D:12     | Killed a boulder beetle
 12691 | Lair:1   | Entered Level 1 of the Lair of Beasts
 12744 | Lair:1   | Noticed Nergalle
 12774 | Lair:1   | Killed Nergalle
 12775 | Lair:1   | Reached skill level 1 in Stealth
 13247 | Lair:1   | Noticed Harold
 13251 | Lair:1   | Killed Harold
 13547 | Lair:2   | Reached skill level 5 in Stealth
 13611 | Lair:2   | Reached skill level 13 in Shapeshifting
 13642 | Lair:2   | Found a staircase to the Snake Pit.
 14094 | Lair:2   | Noticed Amaemon
 14119 | Lair:2   | Killed Amaemon
 14126 | Lair:2   | Reached XP level 13. HP: 77/77 MP: 14/14
 14628 | Lair:3   | Reached skill level 14 in Shapeshifting
 14754 | Lair:3   | Found a runed translucent gate.
 14754 | Lair:3   | Found a runed translucent gate.
 14754 | Lair:3   | Found a runed translucent gate.
 14756 | Lair:3   | Noticed paps's ghost (journeyman TrBe)
 14756 | Lair:3   | Identified the +8 scimitar of Accord {elec, *Slow Fly rElec
                  | rC+++}
 15056 | Lair:3   | Found a staircase to the Shoals.
 15549 | Lair:4   | Reached skill level 15 in Shapeshifting
 15564 | Lair:4   | Found a viscous altar of Jiyva.
 15564 | Lair:4   | Found a staircase to the Slime Pits.
 15632 | Lair:4   | Reached skill level 1 in Hexes
 16302 | Lair:5   | Entered Level 5 of the Lair of Beasts
 16321 | Lair:5   | Reached skill level 5 in Hexes
 16392 | Lair:5   | Identified the +1 scale mail of the Spider Nest {rF- Int+6}
 16440 | Lair:5   | Found a dark tunnel.
 16449 | Volcano  | Entered a volcano
 16496 | Volcano  | Found a burning altar of Makhleb.
 16948 | Lair:5   | Found a runed translucent gate.
 16948 | Lair:5   | Found a runed translucent gate.
 16948 | Lair:5   | Found a runed translucent gate.
 16949 | Lair:5   | Noticed an azure jelly
 16950 | Lair:5   | Noticed an acid blob
 16950 | Lair:5   | Noticed an acid blob
 16950 | Lair:5   | Noticed a rockslime
 16951 | Lair:5   | Noticed Vixoseic's ghost (journeyman TrSh)
 16951 | Lair:5   | Noticed an acid blob
 16951 | Lair:5   | Noticed an acid blob
 16951 | Lair:5   | Noticed an azure jelly
 16952 | Lair:5   | Noticed an azure jelly
 16953 | Lair:5   | Noticed an acid blob
 16953 | Lair:5   | Noticed an azure jelly
 17150 | D:12     | Reached XP level 14. HP: 86/86 MP: 15/15
 17169 | D:12     | Found a staircase to the Orcish Mines.
 17377 | D:12     | HP: 4/113 [burnt (9)]
 17620 | D:12     | Identified the ring of Xyju {rCorr Int+4 Dex+3}
 18111 | D:13     | Reached skill level 10 in Hexes
 18635 | D:13     | Reached skill level 16 in Shapeshifting
 18638 | Abyss:2  | Cast into level 2 of the Abyss (an occultist)
 18761 | Abyss:3  | Found a corrupted altar of Lugonu.
 18789 | D:13     | Escaped the Abyss
 19115 | D:13     | Found a gate to the Vaults.
 19159 | D:13     | Found the +12 glaive of Prune {freeze, Prune}
 20005 | D:14     | Found a bloodstained altar of Trog.
 20549 | D:14     | Reached skill level 10 in Stealth
 20549 | D:14     | Reached XP level 15. HP: 91/93 MP: 16/16
 20903 | D:15     | Entered Level 15 of the Dungeon
 21222 | D:15     | Found a staircase to the Depths.
 21359 | D:15     | Reached skill level 17 in Shapeshifting
 22167 | Orc:1    | Entered Level 1 of the Orcish Mines
 22567 | Orc:2    | Entered Level 2 of the Orcish Mines
 22641 | Orc:2    | Found a frozen archway.
 22650 | IceCv    | Entered an ice cave
 23742 | Orc:2    | Found a staircase to the Elven Halls.
 24409 | Orc:2    | Found Anuokhe's Distillery.
 24410 | Orc:2    | Found Ituuhemu's Magic Scroll Shoppe.
 24615 | Orc:2    | Bought a scroll of fear for 56 gold pieces
 24615 | Orc:2    | Bought a scroll of torment for 133 gold pieces
 24615 | Orc:2    | Bought a scroll of poison for 56 gold pieces
 24615 | Orc:2    | Bought a scroll of teleportation for 42 gold pieces
 24615 | Orc:2    | Bought a scroll of fog for 56 gold pieces
 25113 | Orc:2    | Paralysed by an orc sorcerer for 2 turns
 25178 | Orc:2    | Found Kisoices's Book Boutique.
 25178 | Orc:2    | Found Ypio's Antique Weapon Shop.
 25178 | Orc:2    | Found a one-way gate leading to the halls of Pandemonium.
 25372 | D:11     | You paid a toll of 5 scrolls of fog to enter a treasure
                  | trove
 25373 | Trove    | Entered a treasure trove
 25528 | Snake:1  | Entered Level 1 of the Snake Pit
 25549 | Snake:1  | Reached skill level 5 in Unarmed Combat
 25549 | Snake:1  | Reached skill level 18 in Shapeshifting
 25566 | Snake:1  | Reached XP level 16. HP: 98/98 MP: 17/17
 25775 | Snake:1  | Identified the +4 hand axe "Saorerho" {flame, rC+ Will++
                  | MP+9 Str-3}
 26832 | Snake:1  | Identified the +8 dagger "Onaak" {holy, Int+6}
 27225 | Snake:2  | Reached skill level 10 in Evocations
 28524 | Snake:3  | Reached skill level 10 in Unarmed Combat
 29528 | Shoals:1 | Entered Level 1 of the Shoals
 29591 | Shoals:1 | Reached XP level 17. HP: 102/102 MP: 18/18
 29648 | Shoals:1 | Noticed Louise
 29655 | Shoals:1 | Killed Louise
 29674 | Shoals:1 | Found Nopegedd's Merfolk Armours.
 29674 | Shoals:1 | Found Nopegedd's Merfolk Weapons.
 29677 | Shoals:1 | Bought a scroll of teleportation for 300 gold pieces
 29677 | Shoals:1 | Bought a potion of enlightenment for 500 gold pieces
 29973 | Shoals:1 | Identified the serpent talisman "Vantuid" {Will++ Int+3}
 29973 | Shoals:1 | Noticed Aizul
 29980 | Shoals:1 | Killed Aizul
 30055 | Shoals:1 | Reached skill level 15 in Hexes
 30176 | Shoals:1 | Noticed a kraken
 30183 | Shoals:1 | Killed a kraken
 30589 | Shoals:2 | Reached skill level 1 in Spellcasting
 31642 | Shoals:3 | Found a runed translucent gate.
 31642 | Shoals:3 | Found a runed translucent gate.
 31642 | Shoals:3 | Found a runed translucent gate.
 31642 | Shoals:3 | Noticed Rouddeu's ghost (journeyman VSMo)
 32270 | Shoals:4 | Entered Level 4 of the Shoals
 32346 | Shoals:4 | Learned a level 7 spell: Enfeeble
 32524 | Shoals:4 | Learned a level 3 spell: Tukima's Dance
 32666 | Shoals:4 | Identified the ring "Sobbuagh" {Fly rC++ AC+4 Int-3 Slay+2}
 32978 | Shoals:4 | Found Perseus's Dragon-Slaying Spoils.
 33029 | Shoals:4 | Found Pegudgh's Gadget Gallery.
 33037 | Shoals:4 | Bought a wand of warping (4) for 105 gold pieces
 33037 | Shoals:4 | Bought a wand of light (5) for 231 gold pieces
 33255 | Shoals:4 | Got a barnacled rune of Zot
 33414 | Shoals:4 | Noticed a kraken
 33574 | Shoals:4 | Reached XP level 18. HP: 64/105 MP: 27/27
 34219 | Snake:4  | Entered Level 4 of the Snake Pit
 35376 | Snake:4  | Found Liudo's Antique Armour Shoppe.
 36443 | Snake:4  | Got a serpentine rune of Zot
 36760 | Depths:1 | Entered Level 1 of the Depths
 37434 | Depths:1 | Reached skill level 15 in Fighting
 37583 | Depths:1 | Learned a level 2 spell: Blink
 37670 | Depths:1 | Found Arunkics's Distillery.
 37679 | Depths:1 | Bought a potion of curing for 57 gold pieces
 37679 | Depths:1 | Bought 2 potions of heal wounds for 190 gold pieces
 37679 | Depths:1 | Bought a potion of heal wounds for 95 gold pieces
 37679 | Depths:1 | Bought a potion of resistance for 190 gold pieces
 37679 | Depths:1 | Bought a potion of curing for 57 gold pieces
 37705 | Depths:1 | Noticed Nikola
 37721 | Depths:1 | Killed Nikola
 37884 | Depths:1 | Found a corrupted altar of Lugonu.
 37885 | Depths:1 | Found a one-way gate to the infinite horrors of the Abyss.
 38148 | Depths:1 | Found a gateway to Hell.
 38191 | Depths:1 | Reached XP level 19. HP: 112/112 MP: 29/29
 38765 | Depths:1 | Found an ancient bone altar of Kikubaaqudgha.
 38897 | Depths:2 | Found a magical portal.
 38959 | WizLab   | Entered The Hall of the Hellbinder
 38992 | WizLab   | Reached skill level 15 in Dodging
 39116 | WizLab   | Gained mutation: Your spells are a little easier to cast,
                  | but a little less powerful. [a cacodemon]
 39133 | WizLab   | HP: 2/148 [smoke demon/divine providence (13)]
 39627 | Depths:2 | Noticed Vv
 39784 | Depths:2 | Noticed Asterion
 39788 | Depths:2 | Killed Asterion
 39884 | Depths:2 | Slain by Vv
 39884 | Depths:2 | Lost a life (1 life remaining)
 40421 | D:7      | Bought a scroll of fear for 80 gold pieces
 40421 | D:7      | Bought a scroll of revelation for 150 gold pieces
 40421 | D:7      | Bought a potion of invisibility for 160 gold pieces
 40887 | Depths:2 | Identified the storm talisman of the Equator {Dex+4 Slay+4}
 41248 | Depths:3 | Identified the +3 lajatang of Doirphe {holy, *Noise +Blink
                  | Str+3}
 41248 | Depths:3 | Identified the +14 shadow dragon scales of Dim Light {rF+
                  | Str+4 Stlth++++}
 41355 | Depths:3 | Noticed a dread lich
 41356 | Depths:3 | Found a one-way gateway to a ziggurat.
 41477 | Depths:3 | Noticed Norris
 41503 | Depths:2 | Killed Norris
 41591 | Depths:3 | Noticed the Enchantress
 41637 | Depths:3 | Identified the +1 longbow of the Lost Lovers {heavy, rF-
                  | rC+ Str+5 Dex+2}
 41654 | Depths:3 | Killed the Enchantress
 41655 | Depths:3 | Reached skill level 1 in Translocations
 41831 | Depths:3 | Noticed a hellephant
 41835 | Depths:3 | Noticed a hellephant
 41898 | Depths:3 | Killed a hellephant
 41949 | Depths:3 | Killed a hellephant
 41950 | Depths:3 | Reached skill level 19 in Shapeshifting
 42503 | Depths:3 | Reached XP level 20. HP: 119/119 MP: 30/30
 42503 | Depths:3 | Gained a life (2 lives remaining)
 43081 | Depths:3 | Reached skill level 20 in Shapeshifting
 43646 | Depths:4 | Entered Level 4 of the Depths
 43888 | Depths:4 | Found Qyfausm's Distillery.
 43895 | Depths:4 | Bought a potion of heal wounds for 100 gold pieces
 43895 | Depths:4 | Bought a potion of curing for 60 gold pieces
 43895 | Depths:4 | Bought a potion of heal wounds for 100 gold pieces
 43895 | Depths:4 | Bought a potion of curing for 60 gold pieces
 43895 | Depths:4 | Bought a potion of curing for 60 gold pieces
 43895 | Depths:4 | Bought a potion of curing for 60 gold pieces
 43896 | Depths:4 | Found a burning altar of Makhleb.
 44352 | Depths:4 | Noticed a golden dragon
 44364 | Depths:4 | Killed a golden dragon
 44411 | Depths:4 | Reached skill level 21 in Shapeshifting
 44418 | Depths:4 | Reached skill level 15 in Evocations
 44551 | Depths:4 | Identified the +0 plate armour of Watchfulness {^Contam rC+
                  | Int+7 SInv}
 44806 | Depths:4 | Reached skill level 15 in Unarmed Combat
 44828 | Depths:4 | Reached XP level 21. HP: 116/123 MP: 31/31
 44983 | Depths:4 | Identified the +1 quarterstaff of Ashenzari's Vengeance
                  | {holy, Int+3}
 45197 | Depths:4 | Noticed a golden dragon
 45318 | Depths:4 | Noticed a golden dragon
 45322 | Depths:4 | Killed a golden dragon
 45361 | Depths:4 | Killed a golden dragon
 45433 | Depths:4 | Found a gate to the Realm of Zot.
 45771 | Vaults:1 | Entered Level 1 of the Vaults
 45771 | Vaults:1 | Found Ackuvio's Weapon Emporium.
 46134 | Vaults:1 | Identified the +9 ring mail of Izitaes {rF+ Regen+}
 46197 | Vaults:1 | Found Miufarpho's Weapon Emporium.
 46263 | Vaults:1 | Found Avowin's Weapon Emporium.
 46270 | Vaults:1 | Found Duuhyemy's Armour Emporium.
 46297 | Vaults:1 | Found Nikor's Book Emporium.
 46552 | Vaults:1 | Reached skill level 5 in Spellcasting
 46650 | Vaults:1 | Reached skill level 22 in Shapeshifting
 47082 | Vaults:2 | Found Vewerch's Antique Weapon Shoppe.
 47263 | Vaults:2 | Identified the +0 pair of gloves "Puutruhe" {rElec rC+
                  | Dex+3}
 47273 | Vaults:2 | Found a staircase to the Crypt.
 47732 | Vaults:2 | Reached XP level 22. HP: 128/128 MP: 36/36
 47906 | Vaults:3 | Found Egunkudd's Jewellery Boutique.
 47963 | Vaults:3 | Found Letot's Weapon Shop.
 48008 | Vaults:3 | Found Fott's Antique Armour Shop.
 48032 | Vaults:3 | Found Gebla's Antique Armour Shop.
 48065 | Vaults:3 | Identified the dragon-blood talisman of Liberty {rF+ rCorr
                  | Int+3}
 48487 | Vaults:3 | Found a runed translucent door.
 48489 | Vaults:3 | Identified the +5 great mace of the Fulmar {antimagic, rC-
                  | Str+3 Dex+4}
 48605 | Vaults:3 | Found Soerixt's Antique Weapon Boutique.
 48889 | Vaults:3 | Reached skill level 23 in Shapeshifting
 49803 | Vaults:4 | Found a runed translucent gate.
 49803 | Vaults:4 | Found a runed translucent gate.
 49803 | Vaults:4 | Found a runed translucent gate.
 49833 | Vaults:4 | Found a runed translucent gate.
 49833 | Vaults:4 | Found a runed translucent gate.
 49881 | Vaults:4 | Found a runed translucent gate.
 49886 | Vaults:4 | Noticed Piataj's ghost (veteran HOFi)
 49888 | Vaults:4 | Identified the +0 hat of Bealaum {Will+ Regen+ Int+3 Dex-5}
 50256 | Elf:1    | Entered Level 1 of the Elven Halls
 50256 | Elf:1    | Found a runed translucent gate.
 50256 | Elf:1    | Found a runed translucent gate.
 50256 | Elf:1    | Found a runed translucent gate.
 50256 | Elf:1    | Found a runed translucent gate.
 50256 | Elf:1    | Found a runed translucent gate.
 50256 | Elf:1    | Found a runed translucent gate.
 50258 | Elf:1    | Found a runed translucent door.
 50272 | Elf:1    | Found a runed translucent door.
 50555 | Elf:1    | Identified Neth's Almanac of Kinetic Energy and Accomplices
 51236 | Elf:2    | Noticed Ennajel's ghost (adept DsMo)
 51285 | Elf:2    | Found a transporter.
 51286 | Elf:2    | Noticed Saint Roka
 51312 | Elf:2    | Found a transporter.
 51319 | Elf:2    | Killed Saint Roka
 51580 | Elf:2    | Reached XP level 23. HP: 133/133 MP: 38/38
 51596 | Elf:2    | Killed Ennajel's ghost
 51682 | Elf:2    | Reached skill level 15 in Stealth
 51684 | Elf:2    | Noticed Agnes
 51692 | Elf:2    | Killed Agnes
 51839 | Elf:2    | Found a runed translucent gate.
 51840 | Elf:2    | Found a runed translucent gate.
 51840 | Elf:2    | Found a runed translucent gate.
 51980 | Elf:3    | Entered Level 3 of the Elven Halls
 51990 | Elf:3    | Found the +3 Elemental Staff {ele, rElec rF+ rC+ AC+3}
 51997 | Elf:3    | Found Jicluf's Antique Armour Boutique.
 52203 | Elf:3    | Found Jeogaf's Magic Scroll Shoppe.
 52207 | Elf:3    | Bought a scroll of teleportation for 30 gold pieces
 52207 | Elf:3    | Bought a scroll of teleportation for 30 gold pieces
 52207 | Elf:3    | Bought a scroll of summoning for 95 gold pieces
 52207 | Elf:3    | Bought a scroll of teleportation for 30 gold pieces
 52361 | Elf:3    | Found Joxir's General Store.
 52371 | Elf:3    | Bought 2 potions of curing for 96 gold pieces
 52371 | Elf:3    | Bought a potion of haste for 160 gold pieces
 52371 | Elf:3    | Bought a wand of charming (2) for 76 gold pieces
 52730 | Elf:3    | HP: 1/133 [deep elf high priest/divine providence (17)]
 53147 | Elf:3    | Identified the +8 shortbow "Orb Guardian's Bane" {speed,
                  | *Slow rElec Int+6}
 53148 | Elf:3    | Identified Senwos's Parchment of the Wayfarer
 53239 | Elf:3    | Identified the +0 cloak of the Bagpipe {rF+ Will+ Regen+
                  | SInv}
 53240 | Elf:3    | Identified the +1 scale mail "Qygoecin" {rPois Str+3}
 53240 | Elf:3    | Identified Jimaakk's Compendium of the Autopsy and the
                  | Hornet
 53240 | Elf:3    | Identified the ring of Secrets {^Drain Fly rPois rF+}
 53241 | Elf:3    | Identified the +1 trident "Nef Jit Ojid" {drain, rC- Str+7}
 53241 | Elf:3    | Identified the +2 shortbow of Callousness {speed, rPois
                  | Will+}
 53241 | Elf:3    | Identified the +2 robe "Joukh" {-Cast rF+ Str+3}
 53241 | Elf:3    | Identified the Disquisition on Charms and Silt
 53241 | Elf:3    | Identified the ring "Wiqewih" {Str+3 Int+2 Dex+6}
 53242 | Elf:3    | Identified the Atlas of Promethean Doom
 53242 | Elf:3    | Identified the +1 pair of boots of True Grit {rF++ rC+ MP-9
                  | Int-2}
 53404 | Elf:3    | Found an ancient bone altar of Kikubaaqudgha.
 53516 | Elf:3    | Found Gedaod's Armour Shoppe.
 53718 | D:11     | Bought a scroll of teleportation for 39 gold pieces
 53718 | D:11     | Bought a scroll of teleportation for 39 gold pieces
 53718 | D:11     | Bought a scroll of teleportation for 39 gold pieces
 53718 | D:11     | Bought 2 scrolls of noise for 26 gold pieces
 53828 | D:7      | Bought a potion of mutation for 96 gold pieces
 53879 | D:7      | Bought a potion of ambrosia for 192 gold pieces
 53879 | D:7      | Bought a scroll of silence for 228 gold pieces
 54026 | Orc:2    | Bought a potion of curing for 42 gold pieces
 54026 | Orc:2    | Bought a potion of mutation for 112 gold pieces
 54026 | Orc:2    | Bought a potion of curing for 42 gold pieces
 54026 | Orc:2    | Bought a potion of enlightenment for 70 gold pieces
 54026 | Orc:2    | Bought a potion of heal wounds for 70 gold pieces
 54028 | Orc:2    | Bought a scroll of vulnerability for 56 gold pieces
 54037 | Orc:2    | Learned a level 8 spell: Discord
 54212 | Slime:1  | Entered Level 1 of the Pits of Slime
 54308 | Slime:1  | Gained mutation: You are vulnerable to heat. (rF-) [a
                  | shining eye]
 54309 | Slime:1  | Gained mutation: Your magical capacity is low. (-10% MP) [a
                  | shining eye]
 54769 | Slime:5  | Entered Level 5 of the Pits of Slime
 54769 | Slime:5  | Identified the staffearth "Kec Taef" {+Blink rElec rF- rC-
                  | Dex+3 Earth}
 54770 | Slime:5  | Identified the +5 great sword of No Interval {elec, rC+
                  | Int-5 Dex+5}
 54879 | Slime:5  | Identified the staffdeath of Plague {rN+ Will+ Str-2 Int+2
                  | Necro}
 54921 | Slime:5  | Gained mutation: Your spells are easier to cast, but less
                  | powerful. [a shining eye]
 54923 | Slime:5  | Gained mutation: You are weak. (Str -2) [a shining eye]
 54959 | Slime:5  | Identified the +1 glaive of Gallantry {drain, rPois Str+7
                  | Dex-3}
 55044 | Slime:5  | Noticed the Royal Jelly
 55054 | Slime:5  | Killed the Royal Jelly
 55342 | Slime:5  | Identified the +1 buckler "Ejuvept" {rC++ Will+ Int+4}
 55344 | Slime:5  | Identified the +9 mace of Sadabbij {freeze, rN+}
 55346 | Slime:5  | Identified the amulet of Piuler {Spirit Harm rC+ Will+++
                  | Str-4}
 55348 | Slime:5  | Identified the +1 leather armour "Secvel" {Harm Stlth+}
 55466 | Slime:5  | Got a slimy rune of Zot
 55914 | Lair:4   | Acquired 830 gold pieces
 56181 | Zot:1    | Entered Level 1 of the Realm of Zot
 56186 | Zot:1    | Reached XP level 24. HP: 142/142 MP: 34/34
 56339 | Zot:2    | Noticed a Killer Klown
 56359 | Zot:2    | Killed a Killer Klown
 56754 | Zot:5    | Entered Level 5 of the Realm of Zot
 57054 | Zot:5    | Got a prismatic gem with 191 turns to spare
 57146 | Zot:5    | Noticed an orb of fire
 57157 | Zot:5    | Noticed a dread lich
 57176 | Zot:5    | Killed a dread lich
 57181 | Zot:5    | Gained mutation: You occasionally shout uncontrollably at
                  | your foes. [an orb of fire]
 57186 | Zot:5    | Gained mutation: You are very weak. (Str -4) [an orb of
                  | fire]
 57189 | Zot:5    | Gained mutation: You are frail. (-10% HP) [an orb of fire]
 57192 | Zot:5    | Killed an orb of fire
 57211 | Zot:5    | Lost mutation: Your magical capacity is low. (-10% MP)
                  | [potion of mutation]
 57211 | Zot:5    | Lost mutation: You are very weak. (Str -4) [potion of
                  | mutation]
 57211 | Zot:5    | Lost mutation: You occasionally shout uncontrollably at
                  | your foes. [potion of mutation]
 57211 | Zot:5    | Gained mutation: You are somewhat resistant to further
                  | mutation. [potion of mutation]
 57212 | Zot:5    | Lost mutation: You are frail. (-10% HP) [potion of
                  | mutation]
 57212 | Zot:5    | Lost mutation: Your spells are easier to cast, but less
                  | powerful. [potion of mutation]
 57212 | Zot:5    | Lost mutation: You are vulnerable to heat. (rF-) [potion of
                  | mutation]
 57212 | Zot:5    | Gained mutation: Your system is resistant to poisons.
                  | (rPois) [potion of mutation]
 57544 | Zot:5    | Noticed a Killer Klown
 57590 | Zot:5    | Killed a Killer Klown
 57622 | Zot:5    | Noticed a dread lich
 57632 | Zot:5    | Killed a dread lich
 57653 | Zot:5    | Noticed an orb of fire
 57816 | Zot:5    | Noticed a Killer Klown
 57820 | Zot:5    | Killed a Killer Klown
 57843 | Zot:5    | Noticed an orb of fire
 57865 | Zot:5    | Killed an orb of fire
 57924 | Zot:5    | Noticed a Killer Klown
 57934 | Zot:5    | Killed a Killer Klown
 58114 | Zot:5    | Noticed a dread lich
 58128 | Zot:5    | Killed a dread lich
 58144 | Zot:5    | Noticed a Killer Klown
 58151 | Zot:5    | Killed a Killer Klown
 58154 | Zot:5    | Noticed an orb of fire
 58165 | Zot:5    | Killed an orb of fire
 58166 | Zot:5    | Reached XP level 25. HP: 108/153 MP: 17/38
 58252 | Zot:5    | Reached XP level 26. HP: 152/158 MP: 38/38
 58254 | Zot:5    | Got the Orb of Zot
 58425 | Zot:2    | Noticed Ihen the pandemonium lord
 58431 | Zot:2    | Killed Ihen the pandemonium lord
 58597 | Depths:4 | Noticed Siga the pandemonium lord
 58600 | Depths:4 | Killed Siga the pandemonium lord
 58960 | D:2      | Noticed Arajeck the pandemonium lord
 58970 | D:2      | Killed Arajeck the pandemonium lord
 59047 | D:1      | Noticed Mysaceom the pandemonium lord
 59058 | D:1      | Killed Mysaceom the pandemonium lord
 59066 | D:1      | Noticed Zyaphoom the pandemonium lord
 59087 | D:1      | Killed Zyaphoom the pandemonium lord
 59107 | D:1      | Lost mutation: Your spells are a little easier to cast, but
                  | a little less powerful. [potion of mutation]
 59107 | D:1      | Lost mutation: Your system is resistant to poisons. (rPois)
                  | [potion of mutation]
 59107 | D:1      | Lost mutation: You are weak. (Str -2) [potion of mutation]
 59300 | D:1      | Noticed Mashrak the pandemonium lord
 59312 | D:1      | Killed Mashrak the pandemonium lord
 59346 | D:1      | Noticed Byohott the pandemonium lord
 59347 | D:$      | Escaped with the Orb!

Illustrated notes

Levels and vault maps discovered:
D:1:      lightli_iron_boxes, layout_loops_ring, st_stairs_12
D:2:      layout_loops_corners, basic_altar, uniq_jessica
D:3:      layout_basic, shapermc_ecumenical_altar_rom_forum, nicolae_half_adder
D:4:      layout_rooms, mainiacjoe_overflow_tiny_flanked,
          mainiacjoe_overflow_24_doors, general_overflow_altar,
          bh_walls_and_bars, uniq_robin, uniq_duvessa
D:5:      layout_basic, old_standard_altar, nicolae_hepliaklqana_hippocampus,
          nicolae_qazlal_general_emergency, minmay_temple_entry_wispy,
          uniq_edmund
D:6:      layout_rooms, hangedman_ru_absence,
          nicolae_ossuary_entry_false_entrances, serial_bayou_pond_b,
          uniq_menkaure, uniq_sigmund
D:7:      layout_rooms, yredelemnul_altar_generic, serial_shops,
          kennysheep_mini_moat, shop, shop, uniq_maurice
D:8:      layout_gridville, serial_shops, shop
D:9:      layout_basic, mainiacjoe_overflow_chevrons, special_room
          [special_room_bee], serial_co_window_serial, co_window_paths_b,
          co_window_paths_b, co_window_paths_a, co_window_corner_a,
          co_window_paths_b, co_window_cross_4, co_window_corner_b,
          co_window_corner_cb, glass_columns_a, glass_columns_a,
          glass_columns_c, glass_columns_b, glass_columns_b, uniq_maggie,
          uniq_pikel
D:10:     layout_cave_pools, mainiacjoe_overflow_boulevard, david_lair_shrubbed,
          st_stairs_8
D:11:     layout_loops_ring, ebering_ghost_reflecting_pool, enter_trove_0,
          serial_shops, nicolae_shop_just_a_little_nook
D:12:     layout_basic, orc_0_dummy
D:13:     layout_basic, erik_vaults_1, grunt_decor_fettered,
          minmay_guarded_unrand_prune
D:14:     minmay_polygon_palace, layout_long_grid, serial_ice, serial_ice_e,
          serial_ice_g, serial_ice_a, serial_ice_m, serial_ice_l, serial_ice_d,
          infiniplex_staircase_zigzag_3, minmay_ruined_shrine
D:15:     hangedman_depths_entry_civil_slaughter, layout_long_grid,
          roderic_roman_lattice, minmay_starry_boxes
Temple:   nicolae_temple_bog_church
Lair:1:   layout_regular_city, grunt_megastairs_5, infiniplex_staircase_pool_2,
          serial_bayou_shore_a, serial_bayou_shore_b, uniq_nergalle, uniq_harold
Lair:2:   layout_hall_layers, minmay_snake_entry_guardpost_small, uniq_amaemon
Lair:3:   layout_long_grid, minmay_shoals_entry_lonely_mermaid,
          gammafunk_ghost_hydra_chop, beast_lair_carwin_2, lemuel_fruit_fields
Lair:4:   layout_gridlike, nicolae_slime_entry_slimehenge,
          grunt_forest_stairs_clearing, lemuel_fruit_fields
Lair:5:   evilmike_catoblepas_cave, layout_hall_layers,
          nicolae_volcano_entry_batcave, gammafunk_ghost_ooze,
          cheibrodos_lair_lostbears
Shoals:1: nicolae_shoals_mermall, layout_shoals, uniq_louise, uniq_aizul
Shoals:2: layout_shoals, nicolae_shoals_bring_sunscreen
Shoals:3: nicolae_shoals_island_circles, layout_shoals,
          gammafunk_ghost_necromancy
Shoals:4: shoals_end_hangedman, layout_shoals, nicolae_shop_dragon_depot,
          nicolae_shop_gadgets
Snake:1:  layout_misc_corridors, nicolae_snake_the_dead_are_slithering,
          grunt_megastairs_2
Snake:2:  nrook_guardian_serpent_snake_passage, layout_onion
Snake:3:  layout_misc_corridors, nicolae_snake_flat_spine,
          nicolae_snake_ghostly_warrior_ritual, grunt_megastairs_4,
          serial_bayou_shore_b
Snake:4:  grunt_snake_rune_pools, layout_chambers, serial_shops, shop,
          nicolae_snake_lava_pool
Slime:1:  layout_caves
Slime:2:  layout_caves
Slime:3:  layout_caves
Slime:4:  layout_caves
Slime:5:  slime_pit_nicolae_inversion
Orc:1:    layout_caves, nicolae_orc_beogh_chapel, mines2_lemuel
Orc:2:    pf_orc_diabolical, layout_caves, portal_ice_cave_entry_pillars_1,
          regret_index_minedec_shroomtown_chain
Elf:1:    nicolae_elf_arrival_dilemma, layout_geoelf_grid, minmay_elf_sorcery,
          st_stairs_7
Elf:2:    nicolae_elf_blades_crystal_corner, layout_gridlike,
          gammafunk_ghost_arena, minivault_20, uniq_agnes, uniq_saint_roka
Elf:3:    minmay_elf_hall_statues, layout_gridlike, basic_altar, serial_shops,
          nicolae_shop_rolled_up, nicolae_shop_advertising_works
          [nicolae_subvault_shop_adworks], shop, shop
Vaults:1: nicolae_vaults_sesquioval_fish, nicolae_vaults_cornered_office,
          nicolae_vaults_little_squares_5, v_pattern_1,
          nicolae_vaults_weapon_check, nicolae_vaults_more_shelving_1,
          grunt_vaults_swirl, ontoclasm_vaults_ring_large,
          nicolae_vaults_security_offices_6,
          nicolae_vaults_variable_pillar_hall_cross,
          nicolae_vaults_little_squares_2, vaults_dpeg_emergency_exit,
          vaults_room_fancy_cross, ontoclasm_vaults_pinch, vaults_room_hallway,
          layout_vaults_maze_bifur, serial_shops, nicolae_book_shop_shelving,
          shop_coins, nicolae_shop_bloodbath_and_beyond, shop,
          nicolae_shop_tiny_real_fake_doors
Vaults:2: nicolae_vaults_closet_pinwheel_4, v_misc_22, v_alt_pattern_5,
          minmay_crypt_entry_simple_statues, vaults_mumra_hexcomb,
          nicolae_vaults_angled_halls, hangedman_vaults_trim,
          nicolae_vaults_house_2, grunt_vaults_hallway_short,
          layout_vaults_big_room, serial_shops, shop
Vaults:3: nicolae_vaults_cornered_office, vaults_mumra_chevron_long,
          nicolae_vaults_oozy_zoo, nicolae_vaults_tetromino_T_1,
          vaults_room_door_ring, vaults_mumra_hex, nicolae_vaults_house_3,
          grunt_vaults_focal, layout_vaults_omnigrid, serial_shops,
          nicolae_shop_crystal, nicolae_shop_trees, shop,
          nicolae_shop_statue_plus, nicolae_diamond_shop
Vaults:4: ploomutoo_gammafunk_ghost_potion_laboratory, vaults_standard_mumra_x,
          vaults_mumra_bighexcomb, ontoclasm_vaults_twist,
          nicolae_vaults_spaceships, nicolae_vaults_mitosis, v_rooms_3,
          hangedman_vaults_corner_blocks, hangedman_vaults_snaps,
          grunt_vaults_funnel, nicolae_vaults_house_2, vaults_dpeg_ring,
          nicolae_vaults_tetromino_L_1, grunt_vaults_hallway_long,
          layout_vaults_big_cross
Depths:1: layout_cave_shapes, pf_hell_entry_tar_spiral, abyss_entry_flame_altar,
          serial_shops, nicolae_shop_gibbet_a_chance, roadster_trireme,
          uniq_nikola
Depths:2: kennysheep_scales, layout_gridlike, hell_entry, mu_enter_wizlab_1,
          abyss_entry, rand_demon_pan_entry_3, serial_sigils_hangedman_clutch,
          infiniplex_staircase_spiral_double, uniq_asterion, uniq_vv
Depths:3: regret_index_all_hallows'_manor, layout_gridville, enter_ziggurat_d,
          hell_entry, abyss_entry, rand_demon_pan_entry_9, kennysheep_donut,
          beargit_elvish_explorers, uniq_enchantress, uniq_norris
Depths:4: lemuel_castle_with_subvaults [lemuel_castle_interior_carwin_2],
          layout_gridlike, serial_shops, shop, grunt_pan_entry_sceptre,
          grunt_metal_band, lemuel_statue_altar, hangedman_decor_opposing,
          grunt_megastairs_1
Zot:1:    layout_onion_interference
Zot:2:    kennysheep_ambush_hall, layout_misc_corridors
Zot:3:    layout_misc_corridors, regret_index_zotdec_twisting_globes
Zot:4:    layout_cellular_growth
Zot:5:    layout_misc_corridors

Skill      XL: |  1  2  3  4  5  6  7  8  9 10 11 12 13 14 15 16 17 18 19 20 21 22 23 24 25 26 |
---------------+-------------------------------------------------------------------------------+-----
Shapeshifting  | 3 4 6 7 9 11 12 13 15 16 18 19 21 22 23 | 23.8
Unarmed Combat | 4 5 11 12 14 15 16 19 | 19.3
Fighting       | 4 8 10 11 12 13 15 17 20 | 20.8
Dodging        | 6 11 14 15 17 19 21 | 21.7
Evocations     | 4 7 12 13 15 16 17 | 17.4
Stealth        | 8 10 11 14 20 22 | 22.1
Hexes          | 8 11 14 15 19 20 | 20.0
Spellcasting   | 4 6 7 |  7.4
Translocations | 3 |  3.4

Action                     |  1- 3 |  4- 6 |  7- 9 | 10-12 | 13-15 | 16-18 | 19-21 | 22-24 | 25-27 || total
---------------------------+-------+-------+-------+-------+-------+-------+-------+-------+-------++-------
  Melee: Unarmed           |    58 |   193 |   420 |   686 |  1398 |  1264 |  1122 |  1144 |   123 ||  6408
         Bite              |     4 |    12 |    65 |    97 |   210 |   220 |   105 |       |       ||   713
         Punch             |       |     6 |     2 |     8 |    79 |   125 |   152 |   181 |    21 ||   574
   Cast: Tukima's Dance    |       |       |       |       |       |    13 |     8 |     1 |       ||    22
         Enfeeble          |       |       |       |       |       |    28 |    66 |    13 |       ||   107
 Invoke: Curse Item        |       |       |     2 |     1 |     1 |     2 |       |       |       ||     6
         Shatter the Chain |       |       |       |     1 |       |     2 |       |       |       ||     3
Ability: Blinkbolt         |       |       |       |       |       |       |    41 |    46 |     3 ||    90
  Evoke: Wand              |       |       |     2 |    19 |     4 |    16 |     4 |     8 |       ||    53
         Lightning rod     |       |       |       |       |       |     7 |       |       |       ||     7
         Sack of spiders   |       |       |       |       |       |     2 |       |       |       ||     2
         Tin of tremorston |       |       |       |       |       |     4 |       |       |       ||     4
         Phantom mirror    |       |       |       |       |       |       |     1 |       |       ||     1
    Use: Potion            |       |     1 |       |       |     2 |     4 |     4 |     6 |     8 ||    25
         Scroll            |       |       |    10 |       |     4 |     4 |     3 |     7 |       ||    28
   Stab: Sleeping          |     1 |     6 |       |     5 |    42 |    50 |    20 |    42 |       ||   166
         Invisible         |       |       |       |     3 |       |    13 |    17 |       |       ||    33
         Distracted        |       |       |       |       |     8 |     8 |     5 |     7 |       ||    28
 Armour: Skin              |    18 |    78 |   127 |   208 |   812 |  1191 |   482 |   138 |    26 ||  3080
  Dodge: Dodged            |    49 |   175 |   439 |  1028 |  3106 |  2565 |  1799 |  1037 |   109 || 10307
  Block: Other             |       |       |       |       |       |   326 |   261 |   133 |    23 ||   743
         Reflection        |       |       |       |       |       |    32 |    12 |     9 |       ||    53
   Form: Flux              |       |       |     1 |       |       |       |       |       |       ||     1
         Statue            |       |       |       |     1 |       |       |       |       |       ||     1
         Storm             |       |       |       |       |       |       |     1 |       |       ||     1

Table legend: (Time is in decaauts)
 A = Elapsed time spent in this place.
 B = Non-inter-level travel time spent in this place.
 C = Inter-level travel time spent in this place.
 D = Time resting spent in this place.
 E = Time spent auto-exploring this place.
 F = Levels seen in this place.
 G = Mean time per level.
                   A        B        C        D        E       F      G
               +--------+--------+--------+--------+--------+-----+--------+
         Total |  73240 |  66901 |   6339 |   9648 |  35016 |  59 | 1241.4 |
       Dungeon |  22491 |  19046 |   3445 |   2752 |  11068 |  15 | 1499.4 |
        Temple |     34 |     27 |      7 |      7 |      0 |   1 |   34.0 |
          Lair |   6635 |   5937 |    698 |    390 |   3977 |   5 | 1327.0 |
        Shoals |   6651 |   6374 |    277 |    706 |   3781 |   4 | 1662.8 |
     Snake Pit |   9447 |   8876 |    571 |   1667 |   4035 |   4 | 2361.8 |
    Slime Pits |   1338 |   1302 |     36 |    433 |    181 |   5 |  267.6 |
  Orcish Mines |   3331 |   3081 |    250 |    779 |   1332 |   2 | 1665.5 |
   Elven Halls |   3247 |   3067 |    180 |    384 |   1698 |   3 | 1082.3 |
        Vaults |   4230 |   4010 |    220 |      3 |   3046 |   4 | 1057.5 |
        Depths |  10576 |  10017 |    559 |   1271 |   4721 |   4 | 2644.0 |
           Zot |   2220 |   2129 |     91 |    715 |    195 |   5 |  444.0 |
         Abyss |    224 |    224 |      0 |     40 |      0 |   2 |  112.0 |
         Trove |     86 |     86 |      0 |      0 |      0 |   1 |   86.0 |
       Ossuary |    466 |    466 |      0 |    122 |    155 |   1 |  466.0 |
      Ice Cave |   1435 |   1435 |      0 |    229 |    652 |   1 | 1435.0 |
       Volcano |    585 |    585 |      0 |    145 |    174 |   1 |  585.0 |
        Wizlab |    236 |    236 |      0 |      0 |      0 |   1 |  236.0 |
               +--------+--------+--------+--------+--------+-----+--------+

Top non-repeatable levels by time:
 Snake:4: 3190 daAuts
Depths:2: 3032 daAuts
Depths:3: 2950 daAuts
   Orc:2: 2658 daAuts
Shoals:4: 2529 daAuts
 Snake:1: 2519 daAuts
Depths:1: 2492 daAuts
    D:12: 2397 daAuts
    D:14: 2339 daAuts
    D:15: 2235 daAuts
     D:9: 2105 daAuts
Depths:4: 2100 daAuts
 Snake:2: 1880 daAuts
 Snake:3: 1857 daAuts
  Lair:4: 1752 daAuts
